 Dungeon Crawl Stone Soup version 0.19.4 (webtiles) character file.

69655 Jynx the Unseen (level 14, -16/85 HPs)
             Began as a Vampire Enchanter on Jan 28, 2017.
             Was the Champion of Dithmenos.
             Killed from afar by Nikola (29 damage)
             ... with a chain lightning
             ... on level 2 of the Swamp on Jan 30, 2017.
             The game lasted 01:21:49 (24268 turns).

Jynx the Unseen (Vampire Enchanter)                Turns: 24268, Time: 01:21:50

Health: -16/85     AC:  0    Str:  7    XL:     14   Next: 91%
Magic:  13/17      EV: 35    Int: 20    God:    Dithmenos [******]
Gold:   1864       SH:  0    Dex: 22    Spells: 6 memorised, 4 levels left

rFire  . . .     SeeInvis +     (weapon currently unavailable)
rCold  + . .     Gourm    .     (armour currently unavailable)
rNeg   + + .     Faith    .     (shield currently unavailable)
rPois  +         Spirit   .     (helmet currently unavailable)
rElec  .         Reflect  .     (cloak currently unavailable)
rCorr  .         Harm     .     (gloves currently unavailable)
MR     +....                    (boots currently unavailable)
Stlth  ++++++++++               (no amulet)
                                (ring currently unavailable)
                                (ring currently unavailable)

@: bat-form, flying, regenerating slowly, wreathed by umbra, very quick
A: fangs 3, (horns 0), see invisible, (unbreathing)
a: End Transformation, Shadow Step, Shadow Form, Renounce Religion


You were on level 2 of the Swamp.
You worshipped Dithmenos.
Dithmenos was exalted by your worship.
You were near bloodless.
You were in vampire-bat-form.
You visited 5 branches of the dungeon, and saw 24 of its levels.
You also visited: Ice Cave.

You collected 1864 gold pieces.

Inventory:

Hand Weapons
 a - a +2 dagger of freezing
 b - a +4 short sword of distortion
 d - a +1 dagger of venom
 v - the +4 Vampire's Tooth (melded) {vamp}
   (You found it on level 5 of the Dungeon)

   It inflicts no extra harm, but heals its wielder when it wounds a living foe.
Armour
 m - a +2 hat (melded)
 S - a +1 robe of cold resistance (melded)
 U - a +1 cloak (melded)
 Z - a +0 pair of boots (melded)
Jewellery
 l - a +4 ring of intelligence
 I - the ring of Winter (melded) {rElec rPois Dex+5}
   (You acquired it on level 2 of the Lair of Beasts)

   [ring of dexterity]

   It affects your dexterity (+5).
   It insulates you from electricity.
   It protects you from poison.
 R - an uncursed ring of ice
 V - a +3 ring of slaying
 Y - a +5 ring of evasion (melded)
Wands
 p - a wand of polymorph (16/24)
 x - a wand of confusion (25/48)
 B - a wand of disintegration (18/24)
 C - a wand of lightning (6/15)
 L - a wand of acid (10/15)
 O - a wand of confusion (29/48)
 P - a wand of slowing (26/48)
 Q - a wand of digging (14/24)
 W - a wand of acid (7/15)
Scrolls
 g - 2 scrolls of remove curse
 i - 6 scrolls of teleportation
 r - 7 scrolls of noise
 t - 5 scrolls of fear
 y - 7 scrolls of identify
 G - 5 scrolls of enchant weapon
 K - a scroll of summoning
 M - 2 scrolls of enchant armour
Potions
 e - a potion of resistance
 f - 3 potions of might
 h - 4 potions of heal wounds
 j - 7 potions of mutation
 k - 2 potions of haste
 n - a potion of invisibility
 o - 5 potions of lignification
 q - 3 potions of cancellation
 s - 4 potions of flight
 u - 13 potions of curing
 w - a potion of berserk rage {unknown}
 z - 2 potions of agility
 A - 3 potions of magic
 E - 3 potions of brilliance
 J - a potion of ambrosia
Books
 c - a book of Maledictions

   Spells                             Type                      Level
   a - Corona                         Hexes                        1
   b - Ensorcelled Hibernation        Hexes/Ice                    2
   c - Confuse                        Hexes                        3
   d - Tukima's Dance                 Hexes                        3
   e - Dazzling Spray                 Conjuration/Hexes            3
 D - a book of Cantrips

   Spells                             Type                      Level
   a - Confusing Touch                Hexes                        1
   b - Animate Skeleton               Necromancy                   1
   c - Summon Small Mammal            Summoning                    1
   d - Apportation                    Translocation                1
 F - a book of Air

   Spells                             Type                      Level
   a - Shock                          Conjuration/Air              1
   b - Swiftness                      Charms/Air                   2
   c - Repel Missiles                 Charms/Air                   2
   d - Static Discharge               Conjuration/Air              3
   e - Lightning Bolt                 Conjuration/Air              5
 N - a Young Poisoner's Handbook

   Spells                             Type                      Level
   a - Sting                          Conjuration/Poison           1
   b - Mephitic Cloud                 Conjuration/Poison/Air       3
   c - Olgreb's Toxic Radiance        Poison                       4
   d - Alistair's Intoxication        Transmutation/Poison         5
   e - Venom Bolt                     Conjuration/Poison           5
 X - a book of Beasts

   Spells                             Type                      Level
   a - Summon Butterflies             Summoning                    1
   b - Call Canine Familiar           Summoning                    3
   c - Summon Ice Beast               Ice/Summoning                4
   d - Summon Mana Viper              Hexes/Summoning              5
   e - Summon Hydra                   Summoning                    7
Miscellaneous
 H - a fan of gales


   Skills:
 - Level 16.2 Short Blades
 + Level 13.1 Dodging
 + Level 17.8 Stealth
 - Level 2.0 Spellcasting
 + Level 16.6 Hexes
 + Level 5.1 Air Magic
 - Level 3.0 Invocations


You had 4 spell levels left.
You knew the following spells:

 Your Spells              Type           Power        Failure   Level  Hunger
a - Corona                Hex            ######.      0%          1    #......
b - Ensorcelled Hibernat  Hex/Ice        #####.       1%          2    ##.....
c - Confuse               Hex            ######..     1%          3    ###....
d - Tukima's Dance        Hex            ######..     1%          3    ###....
e - Repel Missiles        Chrm/Air       ##....       10%         2    ##.....
f - Swiftness             Chrm/Air       ##......     10%         2    ##.....


Dungeon Overview and Level Annotations

Branches:
Dungeon (13/15)            Temple (0/1) D:6            Lair (6/6) D:9
  Swamp (2/4) Lair:2       Spider (1/4) Lair:4        Slime (0/5) Lair:5
    Orc (2/2) D:11            Elf (0/3) Orc:2
 Vaults: D:13-14

Altars:
Cheibriados
Dithmenos
Elyvilon
Fedhas
Kikubaaqudgha
Qazlal
Vehumet
Xom
Beogh
Jiyva

Shops:
D:10 ?   Orc:2 *![(

Annotations:
Lair:6 exclusion: oklob plant
Swamp:2 Nikola
Spider:1 Agnes


Innate Abilities, Weirdness & Mutations

You heal slowly.
You have razor-sharp teeth.
You have supernaturally acute eyesight. (SInv)
((You can survive without breathing.))
((You have a pair of small horns on your head.))


Message History

Confirm with . or Enter, or press ? or * to list all spells.
Aiming: Confuse
Press: ? - help, Shift-Dir - straight line, f - Nikola
Aim: Nikola, wielding a rapier of electrocution, wearing a glowing cloak and wearing a pair of gloves (black smoke, lightly wounded, umbra, chance to defeat MR: 5%)
Okay, then.
You turn into a vampire bat.
The +4 Vampire's Tooth {vamp} melds into your body.
Your +1 cloak melds into your body.
Your +2 hat melds into your body.
Your +0 pair of boots melds into your body.
Your +1 robe of cold resistance melds into your body.
Your +5 ring of evasion melds into your body.
The ring of Winter {rElec rPois Dex+5} melds into your body.
You feel your glee subside.
You feel less resistant to cold.
You feel clumsy.
Nikola gestures wildly while chanting.
You hear a mighty clap of thunder!
The lightning arc hits you!
* * * LOW HITPOINT WARNING * * *
The lightning arc hits Nikola.
The lightning arc hits you!
You die...

...§≈.# . ≈≈≈≈.#
.## ≈≈.≈.##..#
......... ≈≈.......
♣♣§§...# ♣§@§n..#..
♣b§§...##
♣♣♣♣♣♣§§§≈≈...
♣♣♣♣.≈≈..≈§§≈≈≈≈.
♣♣≈♣≈..≈≈..≈≈≈≈≈≈.
♣§..≈≈./......≈≈.≈
♣≈≈≈..≈≈≈.≈≈≈.♣♣♣♣
♣.≈≈§≈≈≈≈≈≈≈≈≈♣
♣...≈≈≈≈≈≈≈≈≈.≈♣
♣♣♣...≈≈≈≈≈≈≈≈≈..≈♣


You could see Nikola and a bog body.

Vanquished Creatures
  Kirke (D:13)
  An orc warlord (Orc:2)
  Nessos (Lair:4)
  Snorg (Lair:4)
  2 hydras
  Erolcha (D:12)
  Fannar (D:11)
  2 catoblepae
  A vault guard (D:13)
  3 centaur warriors
  3 alligators (Swamp:1)
  A tengu warrior (D:10)
  The ghost of Jerry the Slicer, a journeyman VSFi of Uskayaw (D:11)
  An unseen horror (D:13)
  3 hill giants
  A necromancer (D:13)
  A wizard (D:13)
  2 wolf spiders (Spider:1)
  An orc knight (Orc:1)
  A manticore (D:10)
  The ghost of Crag the Thaumaturge, a novice SpCj of Vehumet (D:9)
  2 ugly things (D:12)
  2 orc sorcerers (Orc:2)
  5 elephants
  Maurice (D:13)
  4 black mambas
  Psyche (D:8)
  11 spiny frogs
  A gargoyle (D:13)
  A yaktaur (D:13)
  2 kobold demonologists (D:13)
  4 rime drakes
  8 komodo dragons
  A demonic crawler (Spider:1)
  2 trolls
  8 jumping spiders (Spider:1)
  A polar bear (Lair:4)
  Grinder (D:3)
  3 two-headed ogres
  13 blink frogs
  8 hippogriffs
  14 dream sheep (Lair:5)
  10 redbacks (Spider:1)
  A tarantella (Spider:1)
  A shadow (Swamp:1)
  A wraith (D:11)
  A vampire (D:13)
  2 wyverns
  49 yaks
  A hungry ghost (D:9)
  19 humans (D:13)
  4 basilisks
  7 wargs
  4 insubstantial wisps (Swamp:1)
  A mottled dragon (D:12)
  A swamp worm (Swamp:1)
  A soldier ant (D:12)
  10 water moccasins
  11 porcupines
  34 orc warriors
  5 ice beasts
  A sky beast (D:10)
  A black bear (D:12)
  10 centaurs
  2 phantoms
  11 ogres
  4 wolves
  12 crocodiles
  3 big kobolds
  13 bullfrogs
  3 scorpions
  3 howler monkeys
  5 killer bees (D:10)
  13 wights
  2 vampire bats (D:5)
  3 crimson imps
  2 bullfrog zombies
  A quasit (D:4)
  8 centaur zombies
  A jelly (D:5)
  19 orc priests
  6 hounds
  2 bullfrog skeletons
  A gnoll shaman (D:9)
  Jessica (D:3)
  8 iguanas
  29 orc wizards
  7 worker ants
  3 polar bear simulacra (IceCv)
  A wolf simulacrum (IceCv)
  A worker ant zombie (D:6)
  9 gnolls
  6 adders
  4 shadow imps
  2 oozes
  2 worms (D:2)
  2 dart slugs
  5 leopard geckos
  122 orcs
  2 ball pythons
  6 giant cockroaches
  8 goblins
  7 hobgoblins
  6 jackals
  18 kobolds
  8 quokkas
  2 ball python skeletons (D:4)
  13 bats
  7 frilled lizards
  A leopard gecko zombie (D:7)
  2 quokka skeletons
  8 rats
702 creatures vanquished.

Vanquished Creatures (collateral kills)
  Edmund (D:4)
  3 orc warriors
  A wight (D:11)
  An orc wizard (Orc:2)
  2 gnolls (D:9)
  An orc (D:3)
  A giant cockroach (D:3)
10 creatures vanquished.

Vanquished Creatures (others)
  A mottled dragon (D:13)
  8 humans
  2 big kobolds (D:13)
  A bullfrog (D:13)
  2 kobolds (D:13)
  3 bushes (Lair:6)
  A fulminant prism (D:9)
  24 fungi
  35 plants
77 creatures vanquished.

Grand Total: 789 creatures vanquished

Notes
Turn   | Place    | Note
-------+----------+-------------------------------------------
     0 | D:1      | Jynx the Vampire Enchanter began the quest for the Orb.
     0 | D:1      | Reached XP level 1. HP: 13/13 MP: 3/3
   158 | D:1      | Reached XP level 2. HP: 19/19 MP: 5/5
   162 | D:1      | Learned a level 2 spell: Ensorcelled Hibernation
   479 | D:1      | Reached skill level 5 in Hexes
   479 | D:1      | Reached XP level 3. HP: 5/24 MP: 4/6
   873 | D:2      | Found a snail-covered altar of Cheibriados.
   882 | D:2      | Found a shadowy altar of Dithmenos.
  1122 | D:2      | Became a worshipper of Dithmenos the Shadowed
  1164 | D:2      | Reached XP level 4. HP: 30/30 MP: 2/7
  1435 | D:2      | Reached skill level 5 in Stealth
  1916 | D:2      | Reached * piety under Dithmenos
  2072 | D:3      | You fall through a shaft for 2 floors!
  2072 | D:5      | Entered Level 5 of the Dungeon
  2079 | D:5      | Noticed an ogre
  2087 | D:5      | Killed an ogre
  2087 | D:5      | Reached XP level 5. HP: 35/35 MP: 8/8
  2275 | D:4      | Reached skill level 6 in Stealth
  2282 | D:4      | Found a radiant altar of Vehumet.
  2345 | D:4      | Reached XP level 6. HP: 41/41 MP: 9/9
  2615 | D:3      | Found an ancient bone altar of Kikubaaqudgha.
  2623 | D:3      | Noticed a human
  2624 | D:3      | Killed a human
  2655 | D:3      | Learned a level 3 spell: Confuse
  2659 | D:3      | Learned a level 3 spell: Tukima's Dance
  2684 | D:3      | Noticed Jessica
  2707 | D:3      | Killed Jessica
  2862 | D:3      | Noticed Grinder
  2878 | D:3      | Killed Grinder
  2878 | D:3      | Reached skill level 5 in Short Blades
  2878 | D:3      | Reached XP level 7. HP: 46/46 MP: 7/10
  3294 | D:4      | Reached ** piety under Dithmenos
  3308 | D:4      | Found a white marble altar of Elyvilon.
  3412 | D:4      | Reached skill level 7 in Stealth
  3466 | D:4      | Noticed Edmund
  3473 | D:4      | Killed Edmund
  4314 | D:5      | Reached skill level 8 in Stealth
  4314 | D:5      | Reached XP level 8. HP: 28/52 MP: 1/11
  4325 | D:5      | Reached skill level 5 in Dodging
  4932 | D:5      | Found an ancient bone altar of Kikubaaqudgha.
  5049 | D:5      | Reached skill level 9 in Stealth
  5302 | D:6      | Reached *** piety under Dithmenos
  5452 | D:6      | Reached XP level 9. HP: 57/57 MP: 12/12
  5602 | D:6      | Found a staircase to the Ecumenical Temple.
  6077 | D:7      | You fall through a shaft for 3 floors!
  6077 | D:10     | Entered Level 10 of the Dungeon
  6083 | D:10     | Reached skill level 10 in Stealth
  6437 | D:8      | Reached **** piety under Dithmenos
  6613 | D:7      | Found a shimmering altar of Xom.
  6613 | D:7      | Found a shimmering altar of Xom.
  6613 | D:7      | Found a shimmering altar of Xom.
  6613 | D:7      | Found a shimmering altar of Xom.
  6692 | D:7      | Found a shimmering altar of Xom.
  7115 | D:8      | Noticed Psyche
  7119 | D:8      | Killed Psyche
  7306 | D:8      | Reached skill level 10 in Short Blades
  7482 | D:9      | Found a staircase to the Lair.
  7503 | D:9      | Reached XP level 10. HP: 59/63 MP: 6/13
  7703 | D:9      | Reached skill level 10 in Hexes
  7763 | D:9      | Noticed Crag's ghost (novice SpCj)
  7768 | D:9      | Found a stormy altar of Qazlal.
  7782 | D:9      | Killed Crag's ghost
  7782 | D:9      | Reached skill level 11 in Stealth
  8545 | Lair:1   | Entered Level 1 of the Lair of Beasts
  8636 | Lair:1   | Found a frozen archway.
  8643 | IceCv    | Entered an ice cave
  8653 | IceCv    | HP: 3/63 [wolf simulacrum (8)]
  8782 | Lair:1   | Noticed a spiny frog
  8789 | Lair:1   | Killed a spiny frog
  8812 | Lair:1   | Noticed a black mamba
  8824 | Lair:1   | Killed a black mamba
  8960 | Lair:1   | Noticed a spiny frog
  8971 | Lair:1   | Killed a spiny frog
  9059 | Lair:1   | Reached skill level 12 in Stealth
  9578 | Lair:2   | Reached XP level 11. HP: 68/68 MP: 14/14
  9753 | Lair:2   | Noticed a six-headed hydra
  9756 | Lair:2   | Found a staircase to the Swamp.
  9857 | Lair:2   | Killed a six-headed hydra
 10539 | Lair:2   | Identified 2 scrolls of acquirement
 10546 | Lair:2   | Got a glittering bone ring
 10548 | Lair:2   | Identified the ring of Winter {rElec rPois Dex+5} (You acquired it on level 2 of the Lair of Beasts)
 10931 | Lair:2   | Reached skill level 13 in Stealth
 11964 | Lair:3   | Reached skill level 10 in Dodging
 11964 | Lair:3   | Reached XP level 12. HP: 66/74 MP: 1/15
 12189 | Lair:4   | Noticed Nessos
 12193 | Lair:4   | Killed Nessos
 12240 | Lair:4   | Found a hole to the Spider Nest.
 12262 | Lair:4   | Reached skill level 14 in Stealth
 12317 | Lair:4   | Noticed Snorg
 12336 | Lair:4   | Killed Snorg
 12661 | Lair:4   | Gained mutation: You have a pair of small horns on your head. [potion of beneficial mutation]
 12704 | Lair:4   | Reached ***** piety under Dithmenos
 13449 | Lair:5   | Found a staircase to the Slime Pits.
 13450 | Lair:5   | Found a viscous altar of Jiyva.
 13993 | Lair:5   | Reached skill level 1 in Invocations
 14191 | Lair:6   | Entered Level 6 of the Lair of Beasts
 14281 | Lair:6   | Noticed a catoblepas
 14283 | Lair:6   | Killed a catoblepas
 14624 | Lair:5   | Reached skill level 15 in Stealth
 14683 | Lair:5   | Reached XP level 13. HP: 50/79 MP: 6/16
 15243 | Lair:6   | Found a blossoming altar of Fedhas.
 15347 | Lair:6   | Reached skill level 15 in Short Blades
 16265 | Lair:5   | Upgraded the game from 0.19.3-4-gbf9329e to 0.19.4
 16601 | D:10     | Found Danutuy's Magic Scroll Boutique.
 17032 | D:11     | Noticed Jerry's ghost (journeyman VSFi)
 17045 | D:11     | Killed Jerry's ghost
 17347 | D:11     | Noticed Fannar
 17384 | D:11     | Killed Fannar
 17480 | D:11     | Found a staircase to the Orcish Mines.
 18087 | Orc:1    | Entered Level 1 of the Orcish Mines
 18382 | Orc:2    | Entered Level 2 of the Orcish Mines
 18583 | Orc:2    | Found a staircase to the Elven Halls.
 18708 | Orc:2    | Reached skill level 16 in Stealth
 18715 | Orc:2    | Found a roughly hewn altar of Beogh.
 18741 | Orc:2    | Found Yplawk's Distillery.
 19027 | Orc:2    | Found a roughly hewn altar of Beogh.
 19178 | Orc:2    | Noticed an orc warlord
 19207 | Orc:2    | Reached skill level 15 in Hexes
 19215 | Orc:2    | Reached ****** piety under Dithmenos
 19459 | Orc:2    | Killed an orc warlord
 19471 | Orc:2    | Found Hailixi's Antique Weapon Shoppe.
 19472 | Orc:2    | Found a roughly hewn altar of Beogh.
 19515 | Orc:2    | Found Xoxowol's Antique Armour Emporium.
 19750 | Orc:2    | Found a roughly hewn altar of Beogh.
 19778 | Orc:2    | Found Uloadghy's General Store.
 20439 | D:12     | Reached XP level 14. HP: 85/85 MP: 12/17
 20537 | D:12     | Noticed Erolcha
 20544 | D:12     | Killed Erolcha
 20935 | D:12     | Learned a level 2 spell: Repel Missiles
 20938 | D:12     | Learned a level 2 spell: Swiftness
 21023 | D:12     | Reached skill level 1 in Air Magic
 21199 | D:13     | Noticed Maurice
 21204 | D:13     | Killed Maurice
 21405 | D:13     | Noticed Kirke
 21412 | D:13     | Killed Kirke
 21788 | D:13     | Reached skill level 17 in Stealth
 22863 | Spider:1 | Entered Level 1 of the Spider Nest
 23386 | Spider:1 | Noticed Agnes
 23515 | Swamp:1  | Entered Level 1 of the Swamp
 23838 | Swamp:1  | Reached skill level 5 in Air Magic
 24264 | Swamp:2  | Noticed Nikola
 24268 | Swamp:2  | Killed from afar by Nikola

Skill      XL: |  1  2  3  4  5  6  7  8  9 10 11 12 13 14 |
---------------+-------------------------------------------+-----
Short Blades   | 2 3 4 5 6 8 10 11 13 14 16 | 16.2
Hexes          | 5 6 7 8 9 11 12 14 15 16 | 16.6
Stealth        | 5 6 8 9 10 12 13 15 16 17 | 17.8
Dodging        | 3 4 6 7 8 10 11 12 13 | 13.1
Invocations    | 2 3 |  3.0
Air Magic      | 5 |  5.1
Spellcasting   | |  2.0

Action                   |  1- 3 |  4- 6 |  7- 9 | 10-12 | 13-15 || total
-------------------------+-------+-------+-------+-------+-------++-------
Melee: Dagger            |   104 |   158 |   360 |   636 |  1438 ||  2696
       Bite              |     8 |     8 |    33 |    86 |   177 ||   312
       Headbutt          |       |       |       |    22 |   307 ||   329
       Unarmed           |       |       |       |     1 |       ||     1
 Cast: Corona            |     7 |     7 |     2 |       |       ||    16
       Ensorcelled Hiber |     2 |     6 |    35 |    74 |    39 ||   156
       Tukima's Dance    |       |     2 |     2 |     3 |     8 ||    15
       Confuse           |       |     1 |    17 |    74 |   151 ||   243
Invok: Shadow Step       |       |       |     1 |     2 |       ||     3
       Shadow Form       |       |       |       |       |     1 ||     1
 Abil: Bat Form          |       |     1 |       |     5 |    11 ||    17
       End Transformatio |       |     1 |       |     5 |    10 ||    16
  Use: Scroll            |       |    11 |     5 |    17 |     8 ||    41
       Potion            |       |       |       |     1 |       ||     1
 Stab: Sleeping          |    11 |    19 |    64 |    74 |   116 ||   284
       Confused          |       |     1 |    10 |    42 |    96 ||   149
       Distracted        |       |       |     2 |     3 |     7 ||    12
       Invisible         |       |       |       |       |     1 ||     1
  Eat: Corpse            |     2 |     4 |    19 |    21 |    25 ||    71
Armor: Robe              |    25 |     9 |    33 |    41 |    69 ||   177
Dodge: Dodged            |    62 |    95 |   176 |   455 |   949 ||  1737
